 Dungeon Crawl Stone Soup version 0.21.1 (webtiles) character file.

48 shakethe the Skirmisher (level 3, -1/37 HPs)
             Began as an Ogre Skald on Feb 4, 2018.
             Slain by a gnoll
             ... wielding a +0 spear
              (8 damage)
             ... on level 2 of the Dungeon.
             The game lasted 00:05:26 (1446 turns).

shakethe the Skirmisher (Ogre Skald)                Turns: 1446, Time: 00:05:26

Health: -1/37      AC:  3    Str: 16    XL:     3   Next: 72%
Magic:  3/6        EV: 10    Int: 14    God:
Gold:   36         SH:  0    Dex:  8    Spells: 0/6 levels left

rFire    . . .     SeeInvis .   a - +0 mace
rCold    . . .     Gourm    .   (no shield)
rNeg     . . .     Faith    .   b - +0 robe
rPois    .         Spirit   .   (helmet restricted)
rElec    .         Reflect  .   (no cloak)
rCorr    .         Harm     .   (gloves unavailable)
MR       .....                  (boots unavailable)
Stlth    +.........             l - amulet of regeneration
HPRegen  0.52/turn              (no ring)
MPRegen  0.10/turn              (no ring)

@: very slightly contaminated
A: large, unfitting armour, tough skin 1
a: no special abilities


You were on level 2 of the Dungeon.
You were not hungry.

You visited 1 branch of the dungeon, and saw 2 of its levels.

You collected 36 gold pieces.

Inventory:

Hand Weapons
 a - a +0 mace (weapon)
Armour
 b - a +0 robe (worn)
Jewellery
 l - an amulet of regeneration (around neck)
Scrolls
 e - a scroll of fear {unknown}
 f - a scroll of identify {unknown}
 g - a scroll of enchant weapon {unknown}
 j - a scroll of blinking {unknown}
Potions
 h - 2 potions of heal wounds {unknown}
 i - a potion of flight {unknown}
 k - a potion of berserk rage {unknown}
 n - a potion of haste {unknown}
Books
 c - a book of Battle

   Spells                             Type                      Level
   a - Infusion                       Charms                       1
   b - Shroud of Golubria             Charms/Translocation         2
   c - Song of Slaying                Charms                       2
   d - Spectral Weapon                Hexes/Charms                 3
   e - Regeneration                   Charms/Necromancy            3
Comestibles
 d - 3 rations
 m - 3 chunks of flesh


   Skills:
 + Level 3.5 Fighting
 * Level 2.8 Maces & Flails
 - Level 2.1 Dodging
 - Level 2.4 Spellcasting
 + Level 3.1 Charms


You couldn't memorise any spells.
You knew the following spells:

 Your Spells              Type           Power        Failure   Level  Hunger
a - Infusion              Chrm           ##..         6%          1    #......
b - Shroud of Golubria    Chrm/Tloc      #.........   19%         2    ###....
c - Regeneration          Chrm/Necr      #.........   34%         3    ###....


Dungeon Overview and Level Annotations

Branches:
Dungeon (2/15)

Altars:


Innate Abilities, Weirdness & Mutations

You are too large for most types of armour.
You have tough skin. (AC +1)


Message History

The gnoll shaman hits you with a club! The gnoll closely misses you.
The gnoll misses you.
You hit the gnoll shaman.
The gnoll shaman is heavily wounded.
The gnoll closely misses you.
Your shroud bends the gnoll shaman's attack away.
Your shroud bends the gnoll's attack away.
The gnoll closely misses you.
You hit the gnoll shaman.
The gnoll shaman is heavily wounded.
Your shroud unravels.
The gnoll shaman misses you.
The gnoll hits you from afar with a spear.
The gnoll hits you from afar with a spear!
* * * LOW HITPOINT WARNING * * *
The gnoll shaman hits you with a club.
* * * LOW HITPOINT WARNING * * *
The gnoll hits you but does no damage.
The gnoll hits you from afar with a spear!
You die...

.# .# ##.#####
........
########.......#
#...g......#.#.#.
#.##ggg....#.....
#.##g#...........
#.##@#.g.........
###.####....#.##.#...
#..........g.........
#.#.####.†#.#g##...#
#.#...##..#........#
# #.#.##..#..#.#...#.
###.##..#...g......
#..........#.#.#.# #
#..............#.#.#


You could see a gnoll shaman and 3 gnolls.

Vanquished Creatures
  An adder (D:2)
  A gnoll (D:2)
  A worm (D:2)
  2 leopard geckos (D:1)
  4 hobgoblins
  4 jackals (D:2)
  3 kobolds
  3 bats
  A frilled lizard (D:1)
  2 goblins (D:1)
  2 rats (D:1)
24 creatures vanquished.

Notes
Turn   | Place    | Note
-------+----------+-------------------------------------------
     0 | D:1      | shakethe the Ogre Skald began the quest for the Orb.
     0 | D:1      | Reached XP level 1. HP: 22/22 MP: 3/3
   254 | D:1      | Reached XP level 2. HP: 14/29 MP: 5/5
   421 | D:1      | Learned a level 2 spell: Shroud of Golubria
  1197 | D:2      | Reached XP level 3. HP: 18/37 MP: 2/6
  1291 | D:2      | Learned a level 3 spell: Regeneration
  1446 | D:2      | Slain by a gnoll

Skill      XL: |  1  2  3 |
---------------+----------+-----
Maces & Flails | 2 |  2.8
Fighting       | 3 |  3.5
Charms         | 3 |  3.1
Dodging        | |  2.1
Spellcasting   | |  2.4

Action                   || total
-------------------------++-------
Melee: Mace              ||   108
 Cast: Shroud of Golubri ||     7
  Eat: Chunk             ||     2
Armor: Robe              ||    74
Dodge: Dodged            ||   127
